 Dungeon Crawl Stone Soup version 0.27.1-33-g824d729ab1 (webtiles) character file.

Game seed: 1464811511224094071

80 bearlyready the Grave Robber (level 4, -1/30 HPs)
             Began as a Demonspawn Necromancer on Nov 24, 2021.
             Slain by Grinder (5 damage)
             ... on level 4 of the Dungeon.
             The game lasted 00:03:19 (2528 turns).

bearlyready the Grave Robber (DsNe)                 Turns: 2528, Time: 00:03:20

Health: -1/30      AC:  5    Str:  6 (8)  XL:     4   Next: 18%
Magic:  16/16      EV:  9    Int: 17 (18) God:
Gold:   66         SH:  5    Dex: 10 (13) Spells: 5/7 levels left

rFire    . . .     SeeInvis .   d - +0 demon blade (freeze)
rCold    . . .     Faith    .   (no shield)
rNeg     . . .     Spirit   .   l - +0 ring mail
rPois    .         Reflect  +   (helmet restricted)
rElec    .         Harm     .   (no cloak)
rCorr    .         Rampage  .   (no gloves)
Will     .....                  (no boots)
Stlth    +.........             f - amulet of reflection
HPRegen  0.10/turn              n - ring of magical power
MPRegen  0.15/turn              (no ring)

@: no status effects
A: claws 1, hooves 1, horns 1
a: no special abilities


You were on level 4 of the Dungeon.
You visited 1 branch of the dungeon, and saw 4 of its levels.

You collected 66 gold pieces.

Inventory:

Hand Weapons
 b - a +0 dagger
 d - a +0 demon blade of freezing (weapon)
 m - a +1 dagger of pain
Armour
 a - a +0 robe
 g - a +0 helmet
 l - a +0 ring mail (worn)
Jewellery
 f - an amulet of reflection (around neck)
 n - a ring of magical power (left claw)
Scrolls
 h - a scroll of magic mapping
 i - a scroll of fog {unknown}
Potions
 e - a potion of degeneration
 o - a potion of brilliance


   Skills:
 + Level 3.3 Long Blades
 - Level 1.7 Dodging
 - Level 1.7 Stealth
 - Level 2.0 Spellcasting
 - Level 4.5 Necromancy


You had 5 spell levels left.
You knew the following spells:

 Your Spells              Type           Power      Damage    Failure   Level
a - Pain                  Necr           68%        1d7       12%         1
b - Animate Skeleton      Necr           34%        N/A       12%         1

Your spell library contained the following spells:

 Spells                   Type           Power      Damage    Failure   Level
 Vampiric Draining        Necr           8%         2d7       36%         3
 Animate Dead             Necr           8%         N/A       77%         4
 Ozocubu's Armour         Ice            1%         N/A       93%         3
 Agony                    Necr           17%        N/A       98%         5
 Metabolic Englaciation   Hex/Ice        0%         N/A       100%        5
 Simulacrum               Ice/Necr       4%         N/A       100%        6


Dungeon Overview and Level Annotations

Branches:
Dungeon (4/15)
 Temple: D:4-7

Altars:

Annotations:
D:3 Sigmund
D:4 Grinder


Innate Abilities, Weirdness & Mutations

You have sharp fingernails.
You have large cloven feet.
You have a pair of small horns on your head.


Message History

It was a potion of degeneration.
There was something very wrong with that liquid.
You feel weakened.
You feel dopey.
You feel clumsy.
As you read the scroll labelled TAATAO HAOS, it crumbles to dust.
It is a scroll of identify.
j - a potion of curing Grinder blinks!
As you read the scroll of identify, it crumbles to dust.
h - a scroll of magic mapping
As you read the scroll of identify, it crumbles to dust.
o - a potion of brilliance
Okay, then.
You slash Grinder! Your kick misses Grinder.
Grinder is moderately wounded.
Grinder blinks!
It was a potion of heal wounds.
You feel much better.
Your ring mail prevents you from hitting Grinder.
Grinder is moderately wounded.
Grinder hits you!
You closely miss Grinder.
Grinder is moderately wounded.
You block Grinder's attack.
You hit Grinder.
Grinder is moderately wounded.
Grinder hits you!
You writhe in agony.
You closely miss Grinder.
Grinder is moderately wounded.
Grinder hits you.
* * * LOW HITPOINT WARNING * * *
You writhe in agony.
* * * LOW HITPOINT WARNING * * *
Grinder barely misses you.
You feel better. Grinder hits you!
* * * LOW HITPOINT WARNING * * *
You writhe in agony.
* * * LOW HITPOINT WARNING * * *
You closely miss Grinder. Your kick misses Grinder.
Grinder is moderately wounded.
Grinder hits you.
You die...

###+###########+##.
.............>....#
..................#
.......<..........#
...........@5.....#
..............[...#
#####+#######+##...
.


You could see Grinder.

Vanquished Creatures
  2 adders
  3 worms
  A dart slug (D:1)
  2 ball pythons (D:3)
  8 bats
  6 endoplasms
  A giant cockroach (D:1)
  4 goblins
  3 hobgoblins
  2 jackals (D:1)
  7 kobolds
  A quokka (D:2)
  4 frilled lizards
  8 rats
52 creatures vanquished.

Notes
Turn   | Place    | Note
-------+----------+-------------------------------------------
     0 | D:1      | bearlyready the Demonspawn Necromancer began the quest for
                  | the Orb.
     0 | D:1      | Reached XP level 1. HP: 13/13 MP: 3/3
    93 | D:1      | Learned a level 1 spell: Animate Skeleton
   426 | D:1      | Reached skill level 1 in Long Blades
   426 | D:1      | Found a faded altar of an unknown god.
   503 | D:1      | Gained mutation: You have large cloven feet. [demonic
                  | ancestry]
   503 | D:1      | Reached XP level 2. HP: 7/19 MP: 5/5
  1430 | D:2      | Gained mutation: You have sharp fingernails. [demonic
                  | ancestry]
  1430 | D:2      | Reached XP level 3. HP: 24/24 MP: 6/6
  2153 | D:3      | Gained mutation: You have a pair of small horns on your
                  | head. [demonic ancestry]
  2153 | D:3      | Reached XP level 4. HP: 27/30 MP: 7/7
  2498 | D:3      | Noticed Sigmund
  2514 | D:4      | Noticed Grinder
  2528 | D:4      | Slain by Grinder

Illustrated notes

Levels and vault maps discovered:
D:1:      amcnicky_arrival_blooded_trapdoor, layout_basic,
          shapermc_ecumenical_altar_totnotflames
D:2:      layout_basic, minmay_3d_cube
D:3:      layout_basic, kiku_gazebo_pond_becter, minmay_tree_intersection,
          uniq_jessica, uniq_sigmund, uniq_terence
D:4:      layout_gridville, old_standard_altar, minmay_box_of_dots, uniq_grinder

Skill      XL: |  1  2  3 |
---------------+----------+-----
Long Blades    | 1 2 3 |  3.3
Dodging        | |  1.7
Stealth        | |  1.7
Spellcasting   | |  2.0
Necromancy     | |  4.5

Action                   |  1- 3 |  4- 6 || total
-------------------------+-------+-------++-------
Melee: Demon blade       |    97 |    22 ||   119
       Dagger            |     4 |       ||     4
       Kick              |    16 |     3 ||    19
       Headbutt          |       |     1 ||     1
 Cast: Pain              |     4 |       ||     4
  Use: Scroll            |       |     3 ||     3
       Potion            |       |     3 ||     3
 Stab: Sleeping          |     3 |       ||     3
Armor: Robe              |     7 |       ||     7
       Ring mail         |    10 |     5 ||    15
Dodge: Dodged            |    44 |     8 ||    52
Block: Other             |    17 |     3 ||    20
       Rpst.: Demon blade |    17 |     2 ||    19
